 Dungeon Crawl Stone Soup version 0.23-a0-121-g4413648 (webtiles) character file.

44 Amnesiac the Gusty (level 3, -3/24 HPs)
             Began as a Mummy Air Elementalist on Aug 25, 2018.
             Slain by a worker ant (4 damage)
             ... on level 4 of the Dungeon.
             The game lasted 00:02:22 (1221 turns).

Amnesiac the Gusty (Mummy Air Elementalist)         Turns: 1221, Time: 00:02:23

Health: -3/24      AC:  4    Str: 11    XL:     3   Next: 41%
Magic:  0/7        EV: 12    Int: 15    God:
Gold:   55         SH:  0    Dex: 12    Spells: 5/8 levels left

rFire    x . .     SeeInvis .   (no weapon)
rCold    + . .     Gourm    .   (no shield)
rNeg     + + +     Faith    .   a - +0 robe
rPois    ∞         Spirit   .   (no helmet)
rElec    .         Reflect  .   (no cloak)
rCorr    .         Harm     +   (no gloves)
MR       .....                  (no boots)
Stlth    ++........             c - amulet of harm
HPRegen  0.08/turn              b - +2 ring of protection
MPRegen  0.10/turn              (no ring)

@: no status effects
A: no food or potions, fire vulnerability, cold resistance 1, negative energy
resistance 3, torment resistance, unbreathing
a: no special abilities


You were on level 4 of the Dungeon.
You were not hungry.

You visited 1 branch of the dungeon, and saw 4 of its levels.

You collected 55 gold pieces.

Inventory:

Armour
 a - a +0 robe (worn)
Jewellery
 b - a +2 ring of protection (left hand)
 c - an amulet of harm (around neck)


   Skills:
 - Level 1.5 Dodging
 - Level 1.5 Stealth
 + Level 3.3 Spellcasting
 - Level 0.7 Conjurations
 * Level 3.4 Air Magic


You had 5 spell levels left.
You knew the following spells:

 Your Spells              Type           Power        Failure   Level  Hunger
a - Shock                 Conj/Air       #...         9%          1    N/A
z - Swiftness             Chrm/Air       #.......     14%         2    N/A

Your spell library contained the following spells:

 Spells                   Type           Power        Failure   Level  Hunger
 Static Discharge         Conj/Air       #.......     24%         3    N/A
 Airstrike                Air            ##........   43%         4    N/A
 Lightning Bolt           Conj/Air       #.........   92%         5    N/A

Dungeon Overview and Level Annotations

Branches:
Dungeon (4/15)
 Temple: D:4-7

Altars:


Innate Abilities, Weirdness & Mutations

You do not eat or drink.
Your flesh is vulnerable to fire.
You are immune to poison.
Your flesh is cold resistant. (rC+)
You are immune to negative energy. (rN+++)
You are immune to unholy pain and torment.
You can survive without breathing.


Message History

Really read
d - a scroll labeled JEDEYLL SUEVILL {!r}?
As you read the scroll labeled JEDEYLL SUEVILL {!r}, it crumbles to dust.
The dust glows brilliant cobalt blue!
It was a scroll of random uselessness {!r}.
The worker ant bites you!
* * * LOW HITPOINT WARNING * * *
The worker ant bites you but does no damage.
The worker ant closely misses you.
Casting: Shock (safe; 9% risk of failure)
Confirm with . or Enter, or press ? or * to list all spells.
Aiming: Shock (safe; 9% risk of failure)
Press: ? - help, Shift-Dir - straight line, f/p - worker ant
Aim: a worker ant (heavily wounded)
The zap misses the worker ant.
The zap hits the worker ant.
The worker ant is heavily wounded.
The worker ant completely misses you.
Unknown command.
The worker ant completely misses you. The worker ant misses you.
Casting: Shock (safe; 9% risk of failure)
Confirm with . or Enter, or press ? or * to list all spells.
Aiming: Shock (safe; 9% risk of failure)
Press: ? - help, Shift-Dir - straight line, f/p - worker ant
Aim: a worker ant (heavily wounded)
The zap hits the worker ant.
The worker ant is severely wounded.
The zap hits the worker ant.
The worker ant is almost dead.
The worker ant bites you but does no damage.
Unknown command.
You see here 24 arrows.
The worker ant misses you. The worker ant bites you.
* * * LOW HITPOINT WARNING * * *
Casting: Shock (safe; 9% risk of failure)
Confirm with . or Enter, or press ? or * to list all spells.
Aiming: Shock (safe; 9% risk of failure)
Press: ? - help, Shift-Dir - straight line, f/p - worker ant
Aim: a worker ant (severely wounded)
The zap misses the worker ant. x2; The worker ant closely misses you.
Unknown command.
You closely miss the worker ant.
The worker ant is severely wounded.
The worker ant barely misses you.
Unknown command.
The worker ant waves its antennae.
The worker ant barely misses you.
Your magical contamination has completely faded away.
The worker ant bites you.
* * * LOW HITPOINT WARNING * * *
Casting: Shock (safe; 9% risk of failure)
Confirm with . or Enter, or press ? or * to list all spells.
Aiming: Shock (safe; 9% risk of failure)
Press: ? - help, Shift-Dir - straight line, f/p - worker ant
Aim: a worker ant (heavily wounded)
The zap hits the worker ant.
The worker ant is severely wounded.
The zap misses the worker ant.
The worker ant bites you but does no damage.
Unknown command.
You hit the worker ant.
The worker ant is almost dead.
The worker ant bites you.
You die...

#.# ###.# ....### ..)...#
#....## #....# #.#..##
..##..#### #####
.###..##.######a@.## .#
##.....##....#..#
.####..........###.......
...............# #......
.......######.## #...##
......#.# #.# ##.#
....##### #.# # #.### #.#
..# #(#


You could see a worker ant.

Vanquished Creatures
  A hound skeleton (D:4)
  An adder (D:3)
  An ooze (D:2)
  2 dart slugs (D:1)
  An orc (D:4)
  2 goblins
  2 hobgoblins
  A quokka (D:2)
  A frilled lizard (D:2)
  A leopard gecko skeleton (D:4)
  3 rats (D:2)
16 creatures vanquished.

Notes
Turn   | Place    | Note
-------+----------+-------------------------------------------
     0 | D:1      | Amnesiac the Mummy Air Elementalist began the quest for the Orb.
     0 | D:1      | Reached XP level 1. HP: 13/13 MP: 4/4
   176 | D:2      | Reached XP level 2. HP: 14/19 MP: 0/5
   299 | D:2      | Learned a level 2 spell: Swiftness
   494 | D:3      | Reached XP level 3. HP: 15/24 MP: 2/7
  1219 | D:4      | HP: 1/24 [worker ant (2)]
  1221 | D:4      | Slain by a worker ant

Vault maps used:
D:1:      scummos_arrival_gate
D:3:      dk_noncrumbling_2, elyvilon_altar_4, uniq_jessica
D:4:      first_ration

Skill      XL: |  1  2 |
---------------+-------+-----
Spellcasting   | 3 |  3.3
Air Magic      | 3 |  3.4
Dodging        | |  1.5
Stealth        | |  1.5
Conjurations   | |  0.7

Action                   || total
-------------------------++-------
Melee: Unarmed           ||     6
 Cast: Shock             ||    51
  Use: Scroll            ||     1
Armor: Robe              ||    10
Dodge: Dodged            ||    35

Table legend:
 A = Non-vault XP
 B = Vault XP
 C = Vault XP percentage of total XP
 D = Non-vault monster count
 E = Vault monster count
 F = Vault count percentage of total count
                 A         B        C        D         E       F
            +---------+---------+-------+---------+---------+-------
      Total |      64 |       0 |   0.0 |      16 |       0 |   0.0
            +---------+---------+-------+---------+---------+-------
        D:1 |      10 |       0 |   0.0 |       3 |       0 |   0.0
        D:2 |      15 |       0 |   0.0 |       7 |       0 |   0.0
        D:3 |      17 |       0 |   0.0 |       3 |       0 |   0.0
        D:4 |      22 |       0 |   0.0 |       3 |       0 |   0.0
            +---------+---------+-------+---------+---------+-------
